 Dungeon Crawl Stone Soup version 0.26-a0-546-g3c2127501a (webtiles) character file.

Game seed: 13097825715476659169

(classic levelgen) 146580 EnegeticOcto the Severer (level 16, 88/145 HPs)
             Began as a Deep Dwarf Fighter on Aug 19, 2020.
             Was the Champion of Ru.
             Quit the game on level 3 of the Abyss.
             The game lasted 01:01:32 (6475 turns).

EnegeticOcto the Severer (Deep Dwarf Fighter)       Turns: 6475, Time: 01:01:33

Health: 88/145     AC: 22    Str: 24    XL:     16   Next: 25%
Magic:  4/4        EV: 27    Int:  6    God:    Ru [******]
Gold:   2525       SH: 16    Dex: 18    Spells: 33/36 levels left

rFire    . . .     SeeInvis .   F - +6 war axe of the Sky {vorpal, rPois rC+ MR+ Dex+3}
rCold    + . .     Faith    .   G - +2 kite shield {rN+}
rNeg     + + .     Spirit   .   H - +0 storm dragon scales
rPois    +         Reflect  .   A - +2 helmet "Bikkaum" {Dex+4}
rElec    +         Harm     .   O - +0 cloak
rCorr    .                      r - +2 pair of gloves {Dex+3}
MR       +++..                  (no boots)
Stlth    ..........             j - amulet of the acrobat
HPRegen  0.00/turn              c - ring of protection from magic
MPRegen  0.09/turn              m - ring of wizardry

@: acrobat, non-regenerating, lightly drained
A: damage resistance, heal wounds, blurry vision 1, clumsy 2, [dopey 2], low mp
1, negative energy resistance 1, sense surroundings 2, screaming 1, weak 1,
inability to read while threatened, hated by all, magic vulnerability 1,
inexperienced 1, no regeneration
}: 2/15 runes: decaying, gossamer
a: Heal Wounds, Draw Out Power, Power Leap, Apocalypse, Renounce Religion


You were on level 3 of the Abyss.
You worshipped Ru.
Ru was exalted by your worship.
You visited 4 branches of the dungeon, and saw 27 of its levels.
You visited the Abyss 2 times.
You also visited: Gauntlet, Ice Cave and Volcano.

You collected 2980 gold pieces.
You spent 455 gold pieces at shops.

Inventory:

Hand Weapons
 a - a cursed +6 battleaxe
 u - a +4 scimitar of flaming
 y - a +2 war axe
 z - a +2 halberd of distortion
 F - the +6 war axe of the Sky (weapon) {vorpal, rPois rC+ MR+ Dex+3}
   (You found it in a Gauntlet)

   It inflicts extra damage upon your enemies.
   It affects your dexterity (+3).
   It protects you from cold.
   It protects you from poison.
   It affects your resistance to hostile enchantments.
Missiles
 g - 3 boomerangs
Armour
 h - a +0 helmet
 r - a +2 pair of gloves of dexterity (worn)
 s - a scarf of harm
 A - the +2 helmet "Bikkaum" (worn) {Dex+4}
   (You found it on level 14 of the Dungeon)

   It affects your dexterity (+4).
 G - a +2 kite shield of positive energy (worn)
 H - +0 storm dragon scales (worn)
 I - +1 fire dragon scales
 J - a +2 hat of intelligence
 O - a +0 cloak (worn)
 Q - a +1 kite shield of protection
Magical Staves
 L - an uncursed staff of wizardry
Jewellery
 c - a ring of protection from magic (left hand)
 j - an amulet of the acrobat (around neck)
 m - a ring of wizardry (right hand)
Wands
 i - a wand of flame (17) {@v4}
 q - a wand of paralysis (6)
 t - a wand of random effects (2)
 x - a wand of iceblast (12) {@v2}
 N - a wand of digging (5) {@v3}
 P - a wand of acid (6) {@v1}
Scrolls
 b - a scroll of amnesia
 e - 2 scrolls of remove curse {@r2}
 f - a scroll of enchant weapon
 k - a scroll of magic mapping {@r5 !r}
 n - a scroll of identify {@r1}
 B - 2 scrolls of summoning
 K - a scroll of fog {!r}
Potions
 d - a potion of might {@q3 !q}
 o - 3 potions of curing {@q1 !q}
 p - a potion of stabbing {@q5 !q}
 w - a potion of resistance
 C - a potion of heal wounds {@q2 !q}
 D - a potion of magic {unknown}
 M - a potion of flight {unknown}
Miscellaneous
 l - a phantom mirror
 v - a condenser vane (2/2)
 E - a tin of tremorstones (inert)


   Skills:
 + Level 9.6(9.0) Fighting
 - Level 18.0(17.2) Axes
 + Level 9.7(9.1) Armour
 - Level 6.0(5.4) Dodging
 - Level 15.0(14.2) Shields
 + Level 10.5(9.9) Spellcasting
 + Level 3.6(3.1) Translocations
 + Level 8.7(8.1) Evocations


You had 33 spell levels left.
You knew the following spells:

 Your Spells              Type           Power        Failure   Level
a - Apportation           Tloc           #.....       12%         1
Y - Blink                 Tloc           N/A          19%         2

Your spell library contained the following spells:

 Spells                   Type           Power        Failure   Level
 Iskenderun's Mystic Bla  Conj/Tloc      #.......     90%         4
 Disjunction              Tloc           #.........   100%        8
 Malign Gateway           Summ/Tloc      Unusable     N/A         7

Dungeon Overview and Level Annotations

Branches:
Dungeon (15/15)              Lair (4/6) D:9           Swamp (4/4) Lair:4
 Spider (4/4) Lair:4       Depths (0/5) D:15          IceCv (visited)
Volcano (visited)         Gauntlet (visited)
 Temple: D:4-7          Orc: D:9-12      Vaults: D:13-14

Altars:
Ashenzari
Cheibriados
Gozag
Nemelex Xobeh
Ru
Trog

Shops:
D:4 (   D:11 }

Annotations:
D:5 1 runed translucent door, Pikel; rasy's ghost, novice MiFi
D:6 1 runed translucent door


Innate Abilities, Weirdness & Mutations

You are resistant to damage.
You can heal yourself by infusing magical energy.
Your magical capacity is low. (-10% MP)
You resist negative energy. (rN+)
You passively map the area around you.
You cannot read scrolls while threatened.
You are hated by all.
You are slightly vulnerable to magic. (MR-)
You are somewhat inexperienced. (-2 XL)
You do not regenerate.
Scrolls take you a little longer to read.
You are very clumsy. (Dex -4)
You occasionally shout uncontrollably at your foes.
You are weak. (Str -2)
[You are very dopey. (Int -4)]


Message History

The starcursed mass shudders and is absorbed by its neighbour. x3
The starcursed mass feels only hate for you!
A starcursed mass splits.
You hear a shout!
Something feels only hate for you! x2
Evoke which item? (* to show all) (? for menu, Esc to quit)
The tremorstone explodes into fragments!
The burst of rock shards engulfs the starcursed mass but does no damage.
The burst of rock shards engulfs the starcursed mass!
The burst of rock shards engulfs the starcursed mass. x2
The burst of rock shards engulfs the starcursed mass but does no damage.
The tin is emptied!
The starcursed mass shudders and is absorbed by its neighbour.
The starcursed mass shudders and withdraws towards its neighbour. x2
You can read scrolls again.
The starcursed mass feels only hate for you!
A starcursed mass splits.
The starcursed mass engulfs you.
You slice the starcursed mass!!
The starcursed mass is severely damaged.
You hit the starcursed mass.
The starcursed mass shudders and is absorbed by its neighbour.
The starcursed mass shudders and withdraws towards its neighbour. x2
You hit the starcursed mass.
The starcursed mass shudders and is absorbed by its neighbour.
Your unstable footing causes you to fumble your attack.
The starcursed mass feels only hate for you!
A starcursed mass splits.
You slash the starcursed mass!
The starcursed mass is severely damaged.
You slash the starcursed mass!
The starcursed mass shudders and is absorbed by its neighbour.
The starcursed mass shudders and withdraws towards its neighbour.
The starcursed mass feels only hate for you!
A starcursed mass splits.
Your unstable footing causes you to fumble your attack.
You slash the starcursed mass!
The starcursed mass is almost destroyed.
The starcursed mass shudders and withdraws towards its neighbour. x2
Your unstable footing causes you to fumble your attack.
You block the starcursed mass's attack.
The starcursed mass feels only hate for you!
A starcursed mass splits.
Something feels only hate for you!
Your unstable footing causes you to fumble your attack.
You block the starcursed mass's attack.
You slash the starcursed mass!
The starcursed mass is almost destroyed.
You slash the starcursed mass!
You destroy the starcursed mass!
The starcursed mass shudders and withdraws towards its neighbour. x2
You hit the starcursed mass.
The starcursed mass shudders and is absorbed by its neighbour.
The starcursed mass feels only hate for you!
A starcursed mass splits.
Evoke which item? (* to show all) (? for menu, Esc to quit)
Aiming: Iceblast
Press: ? - help, Shift-Dir - straight line, f - starcursed mass
Aim: a starcursed mass (severely damaged)
The mass of ice explodes!
The iceblast engulfs the starcursed mass!!
You destroy the starcursed mass!
The iceblast engulfs the starcursed mass!!
You destroy the starcursed mass!
A neqoxec comes into view.
You slash the starcursed mass!
The starcursed mass is almost destroyed.
You hit the starcursed mass.
The starcursed mass is almost destroyed.
A large abomination comes into view.
Your unstable footing causes you to fumble your attack.
A wretched star comes into view.
Something feels only hate for you!
You hit the starcursed mass but do no damage.
The starcursed mass is almost destroyed.
You redirect the wretched star's attack!
You redirect the neqoxec's attack!
You slash the starcursed mass!
The starcursed mass is almost destroyed.
The neqoxec gestures at you.
Strange energies course through your body.
You feel clumsy.
You slash the starcursed mass!
You destroy the starcursed mass!
You redirect the wretched star's attack!
The wretched star glows turbulently.
Something feels only hate for you!
Found 20 stones.
The wretched star pulses with an eldritch light!
You feel stupid. x2
The wretched star glows turbulently.
The lance of force hits you!
You are knocked back by the lance of force.
You slam into the rock wall!
You focus your will and slow the wretched star in retribution!
The neqoxec begins to attack, but is stunned by your will!
You hear a roar!
Something feels only hate for you!
A sixfirhy comes into view.
You hear a shout!
Something feels only hate for you!
Are you sure you want to abandon this character and quit the game? (Confirm with "yes".)

.. . #.# ..#
#.# .. .. #.
..# .. . #. ..#
.# .# ≈. 3#.#
.# ..# ###≈.
..#.##.##.##.#
. ## .
#......@.#...
#... .
#####.##.#.##
♣≈. #..#..#.#
## #.# . #
.###.## . ≈≈.
##.##.#3# #.#
#....#.#..
##..≈
#...#..###.###
#. ≈..
#....##.#....##
.≈X## #.#.#
#..#...###* .#


You could see a neqoxec.

Vanquished Creatures
  Jorgrun (Spider:1)
  A lich (Abyss:3)
  Rupert (Lair:4)
  2 tentacled starspawn
  Kirke (D:14)
  Donald (Spider:1)
  5 emperor scorpions (Spider:4)
  3 ghost moths (Spider:4)
  7 entropy weavers
  2 spark wasps (Spider:4)
  Snorg (Lair:4)
  A crystal guardian (D:14)
  7 hydras
  A centaur warrior (D:13)
  5 alligators
  A catoblepas (Lair:4)
  Erica (D:10)
  A thrashing horror (Abyss:3)
  3 two-headed ogres
  A shadow wraith (Abyss:3)
  A spatial maelstrom (Abyss:3)
  5 swamp dragons
  3 unseen horrors
  A glowing orange brain (Abyss:3)
  A phantasmal warrior (D:15)
  A tengu zombie (D:15)
  6 ugly things
  5 orb spiders (Spider:4)
  A necromancer (D:15)
  27 wolf spiders
  A tengu skeleton (D:15)
  2 oklob plants (Spider:1)
  A frost giant zombie (D:15)
  A black mamba (shapeshifter) (D:14)
  4 centaur zombies
  A stone giant skeleton (D:15)
  A black mamba (Lair:4)
  Psyche (D:10)
  A gargoyle (Volcano)
  7 cane toads
  2 torpor snails
  3 komodo dragons
  Maggie (Lair:1)
  2 freezing wraiths
  An efreet (Volcano)
  3 demonic crawlers
  A guardian mummy (D:15)
  An ancient zyme (Abyss:3)
  5 meliai (D:14)
  A troll (D:9)
  A tyrant leech (Swamp:4)
  17 jumping spiders
  13 hornets
  4 hippogriffs
  10 bog bodies
  5 slime creatures (Swamp:4)
  A centaur simulacrum (D:14)
  2 ynoxinuls (Abyss:3)
  53 redbacks
  A shadow (D:14)
  2 wyverns (D:14)
  13 tarantellas
  2 humans (D:14)
  3 large abominations (Abyss:3)
  A wraith (D:12)
  2 fire elementals (Volcano)
  4 hogs (D:14)
  21 yaks
  A basilisk (Lair:2)
  3 vampire mosquitoes (Swamp:2)
  A neqoxec (Abyss:4)
  7 soldier ants
  3 swamp worms
  3 small abominations (Abyss:3)
  5 hell hounds (Abyss:3)
  6 water moccasins
  7 swamp drakes
  5 porcupines
  A sky beast (D:11)
  An ice beast (D:7)
  4 black bears
  An orc warrior (D:11)
  16 wolves
  2 ogres
  7 centaurs
  7 crocodiles
  6 bullfrogs
  A wyvern zombie (D:13)
  A scorpion (Lair:2)
  9 killer bees
  12 wights
  An electric eel (Spider:4)
  A howler monkey (D:11)
  A jelly (D:12)
  4 starcursed masses (Abyss:3)
  A hound (D:4)
  3 orc priests
  4 centaur skeletons
  A gnoll shaman (D:6)
  An iguana (D:7)
  6 orc wizards
  15 worker ants
  7 gnolls
  2 adders
  3 shadow imps
  An ufetubus (D:9)
  An adder skeleton (D:6)
  2 leopard geckos
  15 orcs
  3 bats
  4 giant cockroaches
  4 goblins
  A hobgoblin (D:1)
  4 kobolds
  A quokka (D:6)
  A ball python (D:3)
  3 frilled lizards
  3 rats
  A bush (Lair:4)
  2 fungi
  A plant (Lair:4)
  2 starspawn tentacles (Abyss:4)
500 creatures vanquished.

Vanquished Creatures (collateral kills)
  An orc warrior (D:10)
  A jelly (D:10)
  2 orcs (D:10)
4 creatures vanquished.

Vanquished Creatures (others)
  the Lernaean hydra (Swamp:4)
  Asterion (Spider:2)
  A spark wasp (Spider:4)
  A minotaur (Gauntlet)
  4 hydras
  2 swamp dragons (Swamp:4)
  A black mamba (Lair:4)
  A troll (D:10)
  A meliai (D:14)
  A tarantella (Spider:4)
  A bullfrog (Lair:4)
  A small abomination (Abyss:3)
  A killer bee (D:11)
  An orc (D:8)
  11 fungi
  3 plants
  8 starspawn tentacles
  3 withered plants
43 creatures vanquished.

Grand Total: 547 creatures vanquished

Notes
Turn   | Place    | Note
-------+----------+-------------------------------------------
     0 | D:1      | EnegeticOcto the Deep Dwarf Fighter began the quest for the
                  | Orb.
     0 | D:1      | Reached XP level 1. HP: 20/20 MP: 1/1
    51 | D:1      | Reached skill level 3 in Axes
    54 | D:1      | Reached XP level 2. HP: 22/27 MP: 2/2
   185 | D:3      | Reached XP level 3. HP: 23/33 MP: 3/3
   237 | D:3      | Found a sacrificial altar of Ru.
   243 | D:3      | Found an opulent altar of Gozag.
   259 | D:3      | Reached skill level 4 in Axes
   266 | D:3      | Became a worshipper of Ru the Awakened
   382 | D:4      | Reached XP level 4. HP: 38/40 MP: 3/5
   385 | D:5      | Entered Level 5 of the Dungeon
   385 | D:5      | Noticed Pikel
   385 | D:5      | Noticed a lemure
   398 | D:5      | Reached skill level 1 in Spellcasting
   432 | D:5      | Found a transporter.
   435 | D:5      | Reached skill level 5 in Axes
   438 | D:5      | Noticed an ogre
   440 | D:5      | Noticed an eye of draining
   440 | D:5      | Noticed a white ugly thing
   449 | D:5      | Found a shattered altar of Ashenzari.
   457 | D:5      | Your magical essence is drained by the effort!
   475 | D:5      | Found a transporter.
   509 | D:5      | Reached XP level 5. HP: 41/46 MP: 2/6
   544 | D:5      | Found a runed translucent door.
   544 | D:5      | Noticed rasy's ghost (novice MiFi)
   555 | D:4      | Found Yloom's Antique Weapon Emporium.
   676 | D:6      | Found a runed translucent door.
   676 | D:6      | Noticed an ogre
   677 | D:6      | Found a runed translucent door.
   680 | D:6      | Noticed a centaur
   688 | D:6      | Killed an ogre
   688 | D:6      | Reached skill level 2 in Spellcasting
   688 | D:6      | Reached skill level 1 in Evocations
   697 | D:6      | Your magical essence is drained by the effort!
   701 | D:6      | Reached skill level 6 in Axes
   701 | D:6      | Reached skill level 2 in Evocations
   701 | D:6      | Reached XP level 6. HP: 45/55 MP: 7/7
   720 | D:6      | Reached skill level 3 in Evocations
   726 | D:6      | Reached XP level 7. HP: 47/61 MP: 7/9
   737 | D:6      | Reached skill level 7 in Axes
   910 | D:7      | Found a sparkling altar of Nemelex Xobeh.
   928 | D:7      | Reached skill level 3 in Spellcasting
   952 | D:7      | Reached skill level 4 in Evocations
  1005 | D:8      | Gained mutation: You are somewhat inexperienced. (-2 XL)
                  | [Ru sacrifice]
  1005 | D:8      | Reached XP level 6. HP: 53/55 MP: 9/9
  1005 | D:8      | Reached XP level 5. HP: 46/46 MP: 8/8
  1005 | D:8      | Reached * piety under Ru
  1005 | D:8      | Reached ** piety under Ru
  1009 | D:8      | Reached skill level 8 in Axes
  1015 | D:8      | Reached XP level 6. HP: 52/55 MP: 9/9
  1046 | D:9      | Found a bloodstained altar of Trog.
  1119 | D:9      | Reached XP level 7. HP: 55/61 MP: 10/10
  1146 | D:10     | Entered Level 10 of the Dungeon
  1154 | D:10     | Reached skill level 4 in Spellcasting
  1157 | D:10     | Reached skill level 9 in Axes
  1212 | D:10     | Noticed Psyche
  1226 | D:10     | Your magical essence is drained by the effort!
  1241 | D:10     | Killed Psyche
  1241 | D:10     | Reached skill level 10 in Axes
  1246 | D:10     | Reached skill level 11 in Axes
  1246 | D:10     | Reached XP level 8. HP: 57/68 MP: 11/11
  1273 | D:10     | Noticed a troll
  1294 | D:10     | Your magical essence is drained by the effort!
  1316 | D:10     | Killed a troll
  1331 | D:10     | Found a snail-covered altar of Cheibriados.
  1333 | D:10     | Noticed Erica
  1393 | D:9      | Noticed a troll
  1429 | D:9      | Killed a troll
  1429 | D:9      | Reached skill level 12 in Axes
  1438 | D:9      | Found a staircase to the Lair.
  1483 | D:10     | Killed Erica
  1483 | D:10     | Reached skill level 13 in Axes
  1483 | D:10     | Gained mutation: You passively map the area around you.
                  | [Deep Dwarf growth]
  1483 | D:10     | Reached XP level 9. HP: 59/74 MP: 11/11
  1522 | D:11     | Found Quorel's Gadget Shop.
  1614 | D:11     | Noticed a death knight
  1614 | D:11     | Noticed a freezing wraith
  1615 | D:11     | Noticed a freezing wraith
  1673 | D:10     | Your magical essence is drained by the effort!
  1750 | D:11     | Noticed a phantasmal warrior
  1751 | D:11     | Noticed a troll
  1793 | D:11     | Your magical essence is drained by the effort!
  1853 | D:11     | Reached skill level 14 in Axes
  1859 | D:11     | Found a frozen archway.
  1868 | IceCv    | Entered an ice cave
  1878 | IceCv    | Reached XP level 10. HP: 63/82 MP: 10/10
  1880 | IceCv    | Reached skill level 3 in Fighting
  1983 | D:11     | Killed an unseen horror
  2106 | D:12     | Your magical essence is drained by the effort!
  2117 | D:12     | Reached skill level 4 in Fighting
  2132 | D:12     | Reached skill level 15 in Axes
  2207 | D:12     | Killed an unseen horror
  2219 | D:12     | Gained mutation: You cannot read scrolls while threatened.
                  | [Ru sacrifice]
  2219 | D:12     | Reached *** piety under Ru
  2221 | D:12     | Killed an unseen horror
  2221 | D:12     | Reached skill level 5 in Fighting
  2380 | D:15     | Entered Level 15 of the Dungeon
  2467 | D:15     | Noticed a two-headed ogre
  2518 | D:13     | Noticed a centaur warrior
  2541 | D:13     | Killed a centaur warrior
  2541 | D:13     | Reached XP level 11. HP: 54/97 MP: 10/10
  2555 | D:13     | Reached skill level 6 in Fighting
  2555 | D:13     | Reached skill level 16 in Axes
  2601 | D:13     | Noticed a cyan ugly thing
  2601 | D:13     | Noticed a six-headed hydra
  2691 | D:12     | Noticed a two-headed ogre
  2701 | D:12     | Killed a two-headed ogre
  2774 | D:12     | Reached skill level 7 in Fighting
  2788 | D:12     | Noticed a two-headed ogre
  2808 | D:12     | Your magical essence is drained by the effort!
  2813 | D:12     | Your magical essence is drained by the effort!
  2820 | D:12     | Killed a two-headed ogre
  2820 | D:12     | Reached skill level 4 in Shields
  2831 | D:12     | Noticed a green ugly thing
  2838 | D:12     | Killed a green ugly thing
  2838 | D:12     | Reached skill level 5 in Evocations
  2960 | D:11     | Bought a condenser vane (2/2) for 260 gold pieces
  2991 | Lair:1   | Entered Level 1 of the Lair of Beasts
  3000 | Lair:1   | Noticed Maggie
  3004 | Lair:1   | Killed Maggie
  3060 | Lair:1   | Reached skill level 5 in Shields
  3060 | Lair:1   | Reached skill level 6 in Evocations
  3109 | Lair:1   | Found a dark tunnel.
  3114 | Volcano  | Entered a volcano
  3354 | Lair:2   | Reached skill level 8 in Fighting
  3372 | Lair:2   | Reached XP level 12. HP: 83/110 MP: 9/9
  3403 | Lair:3   | Reached skill level 7 in Evocations
  3439 | Lair:2   | Gained mutation: You are hated by all. [Ru sacrifice]
  3439 | Lair:2   | Reached **** piety under Ru
  3555 | Lair:2   | Reached skill level 6 in Shields
  3645 | Lair:4   | Reached skill level 8 in Evocations
  3653 | Lair:4   | Noticed a catoblepas
  3658 | Lair:4   | Killed a catoblepas
  3658 | Lair:4   | Reached skill level 7 in Shields
  3662 | Lair:4   | Noticed Snorg
  3665 | Lair:4   | Killed Snorg
  3665 | Lair:4   | Reached skill level 17 in Axes
  3742 | Lair:4   | Reached skill level 8 in Shields
  3778 | Lair:4   | Found a gate leading to a gauntlet.
  3791 | Gauntlet | Entered a Gauntlet
  3791 | Gauntlet | Found a transporter.
  3791 | Gauntlet | Found a transporter.
  3791 | Gauntlet | Found a transporter.
  3797 | Gauntlet | Found a transporter.
  3801 | Gauntlet | Found a transporter.
  3807 | Gauntlet | Found a runed translucent door.
  3808 | Gauntlet | Paralysed by a hornet for 2 turns
  3808 | Gauntlet | Found a runed translucent door.
  3831 | Gauntlet | Found a transporter.
  3831 | Gauntlet | Found a transporter.
  3867 | Gauntlet | Noticed a reaper
  3873 | Gauntlet | Found a transporter.
  3877 | Gauntlet | Got a glimmering war axe
  3881 | Gauntlet | Identified the +6 war axe of the Sky {vorpal, rPois rC+ MR+
                  | Dex+3} (You found it in a Gauntlet)
  3889 | Gauntlet | Noticed a minotaur
  3897 | Gauntlet | Paralysed by a floating eye for 3 turns
  3912 | Gauntlet | Your magical essence is drained by the effort!
  3920 | Gauntlet | Killed a minotaur
  3955 | Gauntlet | Identified Pefeid's Compendium of Translocation
  3977 | Lair:4   | Found a staircase to the Swamp.
  4008 | Lair:4   | Found a hole to the Spider Nest.
  4032 | Spider:1 | Entered Level 1 of the Spider Nest
  4032 | Spider:1 | Noticed Rupert
  4051 | Lair:4   | Killed Rupert
  4051 | Lair:4   | Reached skill level 9 in Shields
  4079 | Spider:1 | Noticed an entropy weaver
  4080 | Spider:1 | Noticed an entropy weaver
  4084 | Spider:1 | Killed an entropy weaver
  4086 | Spider:1 | Reached XP level 13. HP: 95/117 MP: 4/10
  4091 | Spider:1 | Killed an entropy weaver
  4091 | Spider:1 | Reached skill level 5 in Spellcasting
  4200 | Spider:1 | Gained mutation: Your magical capacity is low. (-10% MP)
                  | [Ru sacrifice]
  4200 | Spider:1 | Reached ***** piety under Ru
  4246 | Spider:1 | Reached skill level 10 in Shields
  4277 | Spider:1 | Noticed Jorgrun
  4286 | Spider:1 | Killed Jorgrun
  4286 | Spider:1 | Reached skill level 18 in Axes
  4286 | Spider:1 | Reached skill level 6 in Spellcasting
  4307 | Spider:1 | Noticed Donald
  4317 | Spider:1 | Killed Donald
  4360 | Spider:1 | Noticed an emperor scorpion
  4390 | Spider:1 | Noticed an entropy weaver
  4393 | Spider:1 | Noticed an entropy weaver
  4394 | Spider:1 | Noticed an entropy weaver
  4397 | Spider:1 | Killed an entropy weaver
  4397 | Spider:1 | Reached skill level 11 in Shields
  4397 | Spider:1 | Reached skill level 7 in Spellcasting
  4398 | Spider:1 | Killed an entropy weaver
  4398 | Spider:1 | Killed an entropy weaver
  4427 | Spider:2 | Noticed an emperor scorpion
  4444 | Spider:2 | Noticed Asterion
  4450 | Spider:2 | Noticed a cacodemon
  4459 | Spider:2 | Noticed a green death
  4459 | Spider:2 | Killed Asterion
  4459 | Spider:2 | Reached skill level 12 in Shields
  4459 | Spider:2 | Reached skill level 8 in Spellcasting
  4459 | Spider:2 | Gained mutation: You resist negative energy. (rN+) [Deep
                  | Dwarf growth]
  4459 | Spider:2 | Reached XP level 14. HP: 67/126 MP: 13/13
  4475 | Spider:3 | Your magical essence is drained by the effort!
  4496 | Spider:4 | Entered Level 4 of the Spider Nest
  4532 | Spider:4 | Learned a level 1 spell: Apportation
  4549 | Spider:4 | Reached skill level 13 in Shields
  4577 | Spider:4 | Noticed an emperor scorpion
  4600 | Spider:4 | Killed an emperor scorpion
  4601 | Spider:4 | Paralysed by a hornet for 1 turns
  4604 | Spider:4 | Your magical essence is drained by the effort!
  4611 | Spider:4 | Your magical essence is drained by the effort!
  4627 | Spider:4 | Noticed an emperor scorpion
  4639 | Spider:4 | Your magical essence is drained by the effort!
  4642 | Spider:4 | Reached skill level 14 in Shields
  4650 | Spider:4 | Your magical essence is drained by the effort!
  4665 | Spider:4 | Killed a ghost moth
  4668 | Spider:4 | Killed a ghost moth
  4676 | Spider:4 | Reached skill level 15 in Shields
  4678 | Spider:4 | Killed an emperor scorpion
  4678 | Spider:4 | Reached skill level 1 in Dodging
  4678 | Spider:4 | Reached skill level 1 in Translocations
  4679 | Spider:4 | Noticed an emperor scorpion
  4689 | Spider:4 | Noticed an entropy weaver
  4692 | Spider:4 | Killed a ghost moth
  4692 | Spider:4 | Reached skill level 4 in Armour
  4694 | Spider:4 | Noticed an emperor scorpion
  4698 | Spider:4 | Killed an entropy weaver
  4698 | Spider:4 | Reached skill level 2 in Dodging
  4698 | Spider:4 | Reached skill level 2 in Translocations
  4714 | Spider:4 | Killed an emperor scorpion
  4715 | Spider:4 | Your magical essence is drained by the effort!
  4720 | Spider:4 | Noticed an entropy weaver
  4728 | Spider:4 | Killed an entropy weaver
  4743 | Spider:4 | Reached skill level 3 in Dodging
  4744 | Spider:4 | Noticed an emperor scorpion
  4748 | Spider:4 | Killed an emperor scorpion
  4748 | Spider:4 | Reached skill level 3 in Translocations
  4748 | Spider:4 | Reached XP level 15. HP: 77/134 MP: 8/8
  4773 | Spider:4 | Your magical essence is drained by the effort!
  4779 | Spider:4 | Reached skill level 5 in Armour
  4836 | Spider:4 | Got a gossamer rune of Zot
  4890 | Spider:3 | Reached skill level 4 in Dodging
  4926 | Lair:4   | Learned a level 2 spell: Blink
  4957 | Swamp:1  | Entered Level 1 of the Swamp
  5115 | Swamp:2  | Reached skill level 9 in Fighting
  5128 | Swamp:2  | Reached skill level 6 in Armour
  5140 | Swamp:4  | Entered Level 4 of the Swamp
  5157 | Swamp:4  | Reached skill level 9 in Spellcasting
  5166 | Swamp:4  | Gained mutation: You are slightly vulnerable to magic.
                  | (MR-) [Ru sacrifice]
  5166 | Swamp:4  | Reached ****** piety under Ru
  5175 | Swamp:4  | Reached skill level 5 in Dodging
  5207 | Swamp:4  | Your magical essence is drained by the effort!
  5219 | Swamp:4  | Your magical essence is drained by the effort!
  5224 | Swamp:4  | Your magical essence is drained by the effort!
  5228 | Swamp:4  | Your magical essence is drained by the effort!
  5255 | Swamp:4  | Noticed the 27-headed Lernaean hydra
  5256 | Swamp:4  | Reached skill level 7 in Armour
  5258 | Swamp:4  | Reached skill level 6 in Dodging
  5268 | Swamp:4  | Killed the 27-headed Lernaean hydra
  5291 | Swamp:4  | Got a decaying rune of Zot
  5508 | Lair:1   | Reached skill level 8 in Armour
  5552 | D:11     | Bought a wand of paralysis (7) for 117 gold pieces
  5552 | D:11     | Bought a wand of flame (10) for 78 gold pieces
  5685 | D:15     | Found a staircase to the Depths.
  5738 | D:14     | Reached skill level 10 in Spellcasting
  5743 | D:14     | Gained mutation: You occasionally shout uncontrollably at
                  | your foes. [mutagenic glow]
  5747 | D:14     | Noticed Kirke
  5750 | D:14     | Your magical essence is drained by the effort!
  5752 | D:14     | Gained mutation: You are weak. (Str -2) [mutagenic glow]
  5782 | D:14     | Killed Kirke
  5782 | D:14     | Reached skill level 9 in Armour
  5797 | D:14     | Got a bloodstained helmet
  5808 | D:14     | Identified the +2 helmet "Bikkaum" {Dex+4} (You found it on
                  | level 14 of the Dungeon)
  5811 | D:14     | Cast into level 2 of the Abyss (unwielding a weapon of
                  | distortion)
  5902 | Abyss:3  | Noticed a tentacled starspawn
  5977 | Abyss:3  | Noticed a tentacled starspawn
  5984 | Abyss:3  | Killed a tentacled starspawn
  5984 | Abyss:3  | Reached XP level 16. HP: 105/144 MP: 5/5
  6042 | Abyss:3  | Noticed a lich
  6054 | Abyss:3  | Killed a lich
  6096 | Abyss:3  | Identified 2 scrolls of acquirement
  6096 | Abyss:3  | Acquired 2450 gold pieces
  6097 | Abyss:3  | Acquired an uncursed staff of wizardry
  6129 | Abyss:3  | Gained mutation: Scrolls take you a little longer to read.
                  | [a cacodemon]
  6143 | Abyss:3  | Gained mutation: You are clumsy. (Dex -2) [a cacodemon]
  6306 | Abyss:4  | Noticed a tentacled starspawn
  6324 | Abyss:4  | Killed a tentacled starspawn
  6351 | D:14     | Escaped the Abyss
  6359 | D:14     | Your magical essence is drained by the effort!
  6375 | D:14     | Cast into level 3 of the Abyss (unwielding a weapon of
                  | distortion)
  6456 | Abyss:3  | Gained mutation: You are very clumsy. (Dex -4) [a neqoxec]
  6475 | Abyss:3  | Quit the game

Illustrated notes

Levels and vault maps discovered:
D:1:      lemuel_arrival_tunnels, layout_rooms, minmay_misc_feat_encased
D:2:      layout_basic, lemuel_doored_altar
D:3:      layout_loops_ring, minitemple, kennysheep_decorative_pillar
D:4:      layout_basic, led_sif_pool, kennysheep_little_box, serial_shops,
          kennysheep_mini_moat, minmay_splitting_lines, uniq_natasha
D:5:      layout_loops_ring, marbit_many_paths, gammafunk_temple_overflow_arena,
          minmay_temple_entry_tees, ebering_ghost_sewer_d, st_stairs_11,
          uniq_pikel
D:6:      lemuel_insect_pit, layout_basic, kennysheep_small_spiral,
          minmay_misc_feat_enclosed, kennysheep_crisscross,
          makhleb_altar_promises_db
D:7:      layout_loops_corners, nemelex_xobeh_ov_fountains_minmay,
          nicolae_overflow_crystal_walls
D:8:      layout_cave_pods, lemuel_coloured_pillars_altar, minmay_misc_feat_iff,
          uniq_grum
D:9:      layout_long_grid, overflow_temple_1_default, lair_entry_dummy,
          david_orc_3
D:10:     layout_cave_pools, basic_altar, uniq_erica, uniq_erolcha, uniq_psyche,
          uniq_fannar
D:11:     layout_loops_cross, serial_shops, nicolae_shop_trees,
          portal_ice_cave_entry_pillars_2
D:12:     layout_irregular_city
D:13:     layout_basic
D:14:     layout_long_grid, erik_vaults_2, ashenzari_altar_1, uniq_frances,
          uniq_kirke
D:15:     gammafunk_depths_entry_grave, layout_grid_maze, gammafunk_ghost_crypt
Lair:1:   layout_long_grid, enter_volcano_4, beast_lair_carwin_7,
          grunt_megastairs_4, minmay_lair_oklob_chamber, uniq_maggie,
          uniq_gastronok
Lair:2:   layout_cellular_growth, st_stairs_5
Lair:3:   lemuel_reptile_caves, layout_regular_city, grunt_megastairs_5
Lair:4:   layout_loops_ring, swamp_mist, spider_nest_entry_funnel_web,
          gauntlet_entry_generic, uniq_snorg
Swamp:1:  layout_falls_marsh, hangedman_swamp_blocks, swamp_pool2
Swamp:2:  layout_falls_marsh, evilmike_swamp_ruin_house_2
Swamp:3:  gammafunk_its_a_trap, layout_basic_swamp, nicolae_swamp_triple_paths,
          uniq_bai_suzhen
Swamp:4:  grunt_swamp_rune_castle, layout_basic_swamp
Spider:1: spider_temple_joshua, uniq_jorgrun, uniq_donald, uniq_rupert
Spider:2: layout_spider_delve, uniq_asterion
Spider:3: layout_spider_delve
Spider:4: guppyfry_spider_rune, minmay_another_anthill
Abyss:3:  base: D:10, nicolae_abyss_rune_star_stuff,
          evilmike_abyss_rune_elephants_shrine,
          evilmike_nicolae_abyss_rune_betentacled_crabyss, patterned_corridor,
          patterned_corridor, nicolae_abyss_rune_left_handed,
          evilmike_abyss_exit_9, base: D:13, hangedman_abyss_mock_shop

Skill      XL: |  1  2  3  4  5  6  7  8  9 10 11 12 13 14 15 |
---------------+----------------------------------------------+-----
Axes           | 3 4 5 8 11 13 14 15 16 17 18 | 18.0
Spellcasting   | 1 2 4 8 10 | 10.5
Evocations     | 2 3 4 6 8 |  8.7
Fighting       | 5 8 9 |  9.6
Shields        | 5 9 12 15 | 15.0
Dodging        | 3 6 |  6.0
Translocations | 3 |  3.6
Armour         | 4 9 |  9.7

Action                   |  1- 3 |  4- 6 |  7- 9 | 10-12 | 13-15 | 16-18 || total
-------------------------+-------+-------+-------+-------+-------+-------++-------
Melee: War axe           |    69 |   128 |   277 |   459 |   536 |   127 ||  1596
Throw: Dart              |       |     1 |     3 |       |       |       ||     4
       Boomerang         |       |       |       |     9 |       |       ||     9
 Cast: Apportation       |       |       |       |       |     8 |     3 ||    11
       Blink             |       |       |       |       |     3 |       ||     3
Invok: Sacrifice Experie |       |     1 |       |       |       |       ||     1
       Draw Out Power    |       |       |       |    20 |    22 |     7 ||    49
       Sacrifice Words   |       |       |       |     1 |       |       ||     1
       Power Leap        |       |       |       |     3 |     4 |       ||     7
       Sacrifice Love    |       |       |       |     1 |       |       ||     1
       Apocalypse        |       |       |       |       |     2 |       ||     2
       Sacrifice Essence |       |       |       |       |     2 |       ||     2
 Abil: Heal Wounds       |     1 |     7 |    15 |    20 |    47 |     3 ||    93
Evoke: Wand              |       |       |     9 |    27 |    22 |     1 ||    59
       Phantom mirror    |       |       |     2 |     1 |       |       ||     3
       Tin of tremorston |       |       |       |     4 |    11 |     2 ||    17
       Condenser vane    |       |       |       |     2 |    10 |       ||    12
  Use: Scroll            |       |       |     8 |    16 |     7 |     5 ||    36
       Potion            |       |       |       |     3 |     6 |       ||     9
 Stab: Invisible         |       |     1 |       |     3 |    25 |     2 ||    31
       Distracted        |       |       |     2 |     2 |     5 |       ||     9
       Paralysed         |       |       |     4 |     3 |     9 |     1 ||    17
       Confused          |       |       |       |       |     1 |       ||     1
Armor: Scale mail        |    29 |    22 |       |       |       |       ||    51
       Plate armour      |       |    82 |   216 |   180 |       |       ||   478
       Skin              |       |       |       |    37 |       |       ||    37
       Storm dragon scal |       |       |       |    20 |   485 |    20 ||   525
Dodge: Dodged            |    40 |    42 |    45 |    95 |   418 |    30 ||   670
Block: Kite shield       |    54 |   102 |   158 |   219 |   569 |    87 ||  1189

Table legend: (Time is in decaauts)
 A = Elapsed time spent in this place.
 B = Non-inter-level travel time spent in this place.
 C = Inter-level travel time spent in this place.
 D = Time resting spent in this place.
 E = Time spent auto-exploring this place.
 F = Levels seen in this place.
 G = Mean time per level.
                   A        B        C        D        E       F      G
               +--------+--------+--------+--------+--------+-----+--------+
         Total |   6344 |   5989 |    355 |      0 |      0 |  34 |  186.6 |
       Dungeon |   3306 |   3134 |    172 |      0 |      0 |  15 |  220.4 |
          Lair |    893 |    725 |    168 |      0 |      0 |   4 |  223.2 |
         Swamp |    380 |    365 |     15 |      0 |      0 |   4 |   95.0 |
   Spider Nest |    780 |    780 |      0 |      0 |      0 |   4 |  195.0 |
         Abyss |    614 |    614 |      0 |      0 |      0 |   4 |  153.5 |
      Ice Cave |     30 |     30 |      0 |      0 |      0 |   1 |   30.0 |
       Volcano |    157 |    157 |      0 |      0 |      0 |   1 |  157.0 |
      Gauntlet |    181 |    181 |      0 |      0 |      0 |   1 |  181.0 |
               +--------+--------+--------+--------+--------+-----+--------+

Top non-repeatable levels by time:
    D:11: 535 daAuts
    D:12: 529 daAuts
 Abyss:3: 524 daAuts
  Lair:4: 367 daAuts
Spider:1: 362 daAuts
Spider:4: 324 daAuts
    D:10: 297 daAuts
     D:6: 293 daAuts
     D:9: 275 daAuts
  Lair:2: 263 daAuts
    D:13: 228 daAuts
    D:14: 215 daAuts
     D:3: 214 daAuts
     D:5: 207 daAuts
  Lair:1: 187 daAuts
